 Dungeon Crawl Stone Soup version 0.26-a0-291-g3d11bbfad5 (webtiles) character file.

Game seed: 5838567300055066556

16482 Infinimo the Brawler (level 12, 0/126 HPs)
             Began as a Troll Berserker on July 13, 2020.
             Was a High Priest of Trog.
             Slain by a blink frog (10 damage)
             ... on level 2 of the Lair of Beasts.
             The game lasted 00:14:19 (9845 turns).

Infinimo the Brawler (Troll Berserker)              Turns: 9845, Time: 00:14:20

Health: 0/126      AC: 10    Str: 28    XL:     12   Next: 10%
Magic:  11/11      EV: 12    Int:  4    God:    Trog [*****.]
Gold:   849        SH:  0    Dex: 12    Spells: 11/11 levels left

rFire    . . .     SeeInvis .     - Unarmed
rCold    . . .     Faith    .   (no shield)
rNeg     . . .     Spirit   .   g - +2 robe {MR+}
rPois    .         Reflect  .   (helmet restricted)
rElec    .         Harm     .   m - +1 cloak
rCorr    .                      (gloves unavailable)
MR       ++...                  (boots unavailable)
Stlth    +.........             C - amulet of regeneration
HPRegen  1.11/turn              B - ring of flight
MPRegen  0.12/turn              d - ring of protection from magic

@: berserk cooldown, slowed, very slow
A: large, unfitting armour, claws 3, regeneration 1, shaggy fur 1, tough skin 3
a: Berserk, Trog's Hand, Brothers in Arms, Renounce Religion, Evoke Flight


You were on level 2 of the Lair of Beasts.
You worshipped Trog.
Trog was extremely pleased with you.
You visited 2 branches of the dungeon, and saw 13 of its levels.

You collected 849 gold pieces.

Inventory:

Armour
 g - a +2 robe of magic resistance (worn)
 m - a +1 cloak (worn)
Jewellery
 d - a ring of protection from magic (right claw)
 u - an uncursed amulet of guardian spirit
 B - a ring of flight (left claw)
 C - an amulet of regeneration (around neck)
 E - an uncursed ring of resist corrosion {unknown}
Wands
 k - a wand of acid (7)
 r - a wand of iceblast (5)
 s - a wand of digging (8)
 y - a wand of disintegration (9)
Scrolls
 b - a scroll of remove curse
 c - 4 scrolls of teleportation
 n - a scroll of amnesia
 q - a scroll of noise
 w - 3 scrolls of identify
 x - 2 scrolls of magic mapping
 A - a scroll of silence {unknown}
 D - a scroll of enchant weapon
 G - a scroll of enchant armour
Potions
 a - 3 potions of ambrosia
 e - 3 potions of curing
 f - 4 potions of lignification
 h - a potion of invisibility
 i - a potion of haste
 j - 4 potions of degeneration
 l - a potion of stabbing
 o - a potion of heal wounds {unknown}
 p - a potion of brilliance {unknown}
 t - a potion of magic {unknown}
 v - a potion of mutation {unknown}
 z - 2 potions of flight {unknown}
 I - 2 potions of might {unknown}


   Skills:
 + Level 9.7 Fighting
 + Level 5.3 Dodging
 * Level 15.1 Unarmed Combat


You had 11 spell levels left.
You didn't know any spells.
Your spell library was empty.

Dungeon Overview and Level Annotations

Branches:
Dungeon (11/15)            Temple (0/1) D:4            Lair (2/6) D:11
  Swamp: Lair:2-4    Shoals: Lair:2-4     Snake: Lair:2-4    Spider: Lair:2-4
    Orc: D:9-12

Altars:
Ashenzari
Cheibriados
Elyvilon
Hepliaklqana
Kikubaaqudgha
Makhleb
Nemelex Xobeh
Okawaru
Ru
Sif Muna
Uskayaw
Xom
Yredelemnul
The Shining One

Shops:
D:10 (


Innate Abilities, Weirdness & Mutations

You are too large for most types of armour.
You have claws for hands.
Your natural rate of healing is unusually fast.
You are covered in fur. (AC +1)
You have extremely tough skin. (AC +3)


Message History

The blink frog blinks!
The blink frog blinks!
The elephant tramples you.
* * * LOW HITPOINT WARNING * * *
You stumble backwards!
Okay, then.
Your ogre goes berserk!
The elephant tramples you!
* * * LOW HITPOINT WARNING * * *
You hold your ground!
The elephant trunk-slaps you.
* * * LOW HITPOINT WARNING * * *
Okay, then.
As you read the scroll of fear, it crumbles to dust.
You assume a fearsome visage.
The blink frog looks frightened!
The elephant looks frightened!
The blink frog blinks!
Your ogre hits the elephant with a +0 giant club!
The blink frog blinks!
You feel better.
Your ogre hits the elephant with a +0 giant club.
The blink frog hits you!
You die...

....... ...........
..........
...........
..........
..§......P.
###...........
#@F§OY.P......#
###........(......
#................
#P...............
##...........P..<
#...F...........
..#...............
.........##P.###...
....................


You could see an elephant (fleeing), a blink frog and a friendly ogre (summoned,
berserk).

Vanquished Creatures
  A two-headed ogre (D:11)
  Pikel (D:7)
  An ugly thing (D:11)
  A cyclops (D:11)
  3 elephants (Lair:2)
  2 cane toads
  A hornet (D:10)
  Prince Ribbit (D:9)
  Grinder (D:4)
  7 blink frogs
  7 hippogriffs
  Sigmund (D:2)
  Eustachio (D:8)
  A basilisk (Lair:1)
  14 yaks
  Grum (D:8)
  3 water moccasins
  2 porcupines
  9 orc warriors
  3 sky beasts
  A black bear (D:6)
  2 ice beasts
  A phantom (D:6)
  4 wolves (D:8)
  13 centaurs
  9 ogres
  A lemure (D:7)
  4 crocodiles
  3 big kobolds
  6 bullfrogs
  Blork the orc (D:8)
  A gnoll sergeant (D:8)
  A water moccasin zombie (D:7)
  3 scorpions
  7 wights (D:10)
  3 electric eels (D:9)
  A crimson imp (D:8)
  A bullfrog zombie (D:10)
  4 hounds
  3 jellies
  4 orc priests
  3 gnoll shamans (D:8)
  11 orc wizards
  2 bullfrog skeletons
  2 centaur skeletons
  Ijyb (D:3)
  Natasha (D:2)
  3 iguanas
  7 worker ants
  Robin (D:2)
  23 gnolls
  14 adders
  2 shadow imps
  A white imp (D:6)
  An ufetubus (D:6)
  3 oozes
  An adder zombie (D:6)
  A worm (D:3)
  3 dart slugs (D:1)
  11 leopard geckos
  28 orcs
  8 bats
  17 giant cockroaches
  14 goblins
  12 hobgoblins
  12 jackals
  18 kobolds
  4 quokkas
  A ball python (D:2)
  3 frilled lizards
  8 hobgoblin zombies (D:8)
  2 orc skeletons (D:8)
  An orc zombie (D:8)
  2 quokka zombies
  12 rats
367 creatures vanquished.

Vanquished Creatures (others)
  4 fungi
  2 plants
6 creatures vanquished.

Grand Total: 373 creatures vanquished

Notes
Turn   | Place    | Note
-------+----------+-------------------------------------------
     0 | D:1      | Infinimo the Troll Berserker began the quest for the Orb.
     0 | D:1      | Reached XP level 1. HP: 22/22 MP: 0/0
    57 | D:1      | Reached XP level 2. HP: 28/29 MP: 1/1
   285 | D:1      | Reached XP level 3. HP: 36/36 MP: 2/2
   568 | D:1      | Reached skill level 4 in Unarmed Combat
   746 | D:1      | Reached ** piety under Trog
  1010 | D:2      | Reached XP level 4. HP: 45/45 MP: 3/3
  1550 | D:2      | Noticed Robin
  1553 | D:2      | Reached skill level 5 in Unarmed Combat
  1562 | D:2      | Killed Robin
  1562 | D:2      | Reached *** piety under Trog
  1562 | D:2      | Reached XP level 5. HP: 33/53 MP: 4/4
  1682 | D:2      | Noticed Natasha
  1687 | D:2      | Killed Natasha
  1751 | D:2      | Noticed Sigmund
  1759 | D:2      | Killed Sigmund
  1759 | D:2      | Reached skill level 6 in Unarmed Combat
  1759 | D:2      | Reached XP level 6. HP: 62/62 MP: 5/5
  1854 | D:3      | Found a shattered altar of Ashenzari.
  2021 | D:3      | Found a basalt altar of Yredelemnul.
  2160 | D:3      | Noticed Ijyb
  2174 | D:3      | Killed Ijyb
  2387 | D:3      | Found an iron altar of Okawaru.
  2427 | D:4      | Noticed an ice beast
  2436 | D:4      | Killed an ice beast
  2436 | D:4      | Reached XP level 7. HP: 65/70 MP: 6/6
  2476 | D:4      | Found an ancient bone altar of Kikubaaqudgha.
  2495 | D:4      | Reached skill level 7 in Unarmed Combat
  2516 | D:4      | Found a staircase to the Ecumenical Temple.
  2526 | D:4      | Reached **** piety under Trog
  2549 | D:4      | Noticed Grinder
  2562 | D:4      | Killed Grinder
  3027 | D:5      | Entered Level 5 of the Dungeon
  3069 | D:5      | Reached skill level 8 in Unarmed Combat
  3077 | D:5      | Reached skill level 5 in Fighting
  3378 | D:5      | Reached XP level 8. HP: 80/80 MP: 7/7
  3650 | D:5      | Found a shimmering blue altar of Sif Muna.
  3769 | D:6      | Found a white marble altar of Elyvilon.
  3822 | D:6      | Reached skill level 9 in Unarmed Combat
  4100 | D:6      | Found a hide-covered altar of Uskayaw.
  4459 | D:7      | Found a snail-covered altar of Cheibriados.
  4530 | D:7      | Noticed Pikel
  4544 | D:7      | Killed Pikel
  4544 | D:7      | Reached skill level 10 in Unarmed Combat
  4544 | D:7      | Reached XP level 9. HP: 89/89 MP: 8/8
  4707 | D:7      | Reached ***** piety under Trog
  4801 | D:7      | Found a sparkling altar of Nemelex Xobeh.
  5205 | D:8      | Reached skill level 11 in Unarmed Combat
  5218 | D:8      | Found a sacrificial altar of Ru.
  5307 | D:8      | Noticed Eustachio
  5308 | D:8      | Noticed Blork the orc
  5331 | D:8      | Killed Eustachio
  5338 | D:8      | Killed Blork the orc
  5459 | D:8      | Found a glowing golden altar of the Shining One.
  5473 | D:8      | Received a gift from Trog
  5509 | D:8      | Found a shimmering altar of Xom.
  5510 | D:8      | Found a burning altar of Makhleb.
  5564 | D:8      | Noticed Grum
  5594 | D:8      | Killed Grum
  5594 | D:8      | Reached XP level 10. HP: 48/102 MP: 9/9
  5743 | D:8      | Reached skill level 12 in Unarmed Combat
  6854 | D:9      | Found a sparkling altar of Nemelex Xobeh.
  6987 | D:9      | Found a hazy altar of Hepliaklqana.
  7089 | D:9      | Noticed Prince Ribbit
  7281 | D:9      | Killed Prince Ribbit
  7281 | D:9      | Reached skill level 13 in Unarmed Combat
  7403 | D:10     | Entered Level 10 of the Dungeon
  7724 | D:10     | Found Istregry's Antique Weapon Boutique.
  7781 | D:10     | Received a gift from Trog
  8249 | D:11     | Reached XP level 11. HP: 113/113 MP: 10/10
  8707 | D:11     | Noticed a two-headed ogre
  8708 | D:11     | Noticed a green ugly thing
  8709 | D:11     | Noticed a cyan ugly thing
  8713 | D:11     | Killed a two-headed ogre
  8713 | D:11     | Reached skill level 14 in Unarmed Combat
  8721 | D:11     | Killed a green ugly thing
  8942 | D:11     | Found a staircase to the Lair.
  9028 | Lair:1   | Entered Level 1 of the Lair of Beasts
  9470 | Lair:1   | Received a gift from Trog
  9470 | Lair:1   | Reached skill level 5 in Dodging
  9815 | Lair:2   | Reached skill level 15 in Unarmed Combat
  9815 | Lair:2   | Reached XP level 12. HP: 120/124 MP: 11/11
  9843 | Lair:2   | HP: 6/126 [elephant (17)]
  9843 | Lair:2   | HP: 2/126 [elephant (4)]
  9845 | Lair:2   | Slain by a blink frog

Illustrated notes

Levels and vault maps discovered:
D:1:      dpeg_arrival_rooms_with_view, layout_basic, kennysheep_doodads
D:2:      layout_basic, minmay_rat_gold_closets, uniq_sigmund, uniq_robin,
          uniq_natasha
D:3:      minmay_roachtagon, layout_rooms, okawaru_altar_gauntlet_db,
          old_standard_altar, overflow_temple_1_default, grunt_ministairs_15,
          kennysheep_decorative_pillar, uniq_ijyb
D:4:      layout_cave_pools, kennysheep_mini, minmay_temple_entry_waves,
          uniq_grinder
D:5:      layout_basic, lemuel_blue_sif_altar, fountainhead
D:6:      layout_rooms, lemuel_doored_altar, basic_altar
D:7:      layout_loops_ring, kennysheep_little_box, nemelex_lonely_heart_becter,
          uniq_pikel
D:8:      kennysheep_seaside_town, layout_loops_cross,
          grunt_temple_overflow_champion_of_chaos, nicolae_tso_besieged_by_evil,
          nicolae_overflow_crystal_walls, sword_in_stone, uniq_grum
D:9:      layout_gridville, old_standard_altar,
          nemelex_xobeh_ov_fountains_minmay, serial_bayou,
          serial_bayou_crossing, serial_bayou_ford_a, serial_bayou_pond_c,
          serial_bayou_shore_a, uniq_prince_ribbit1
D:10:     layout_irregular_city, serial_shops, shop
D:11:     layout_rooms, david_lair_shrubbed
Lair:1:   layout_hall_layers
Lair:2:   lemuel_slime, layout_regular_city, chequers_serial_rivers_micro_c,
          fungi_pond_lemuel, chequers_serial_rivers_small_3,
          grunt_forest_stairs_basic, st_stairs_3, grunt_megastairs_3

Skill      XL: |  1  2  3  4  5  6  7  8  9 10 11 |
---------------+----------------------------------+-----
Unarmed Combat | 4 5 6 8 10 11 13 15 | 15.1
Fighting       | 3 4 5 6 7 8 9 |  9.7
Dodging        | 3 5 |  5.3

Action                   |  1- 3 |  4- 6 |  7- 9 | 10-12 || total
-------------------------+-------+-------+-------+-------++-------
Melee: Unarmed           |    83 |   177 |   314 |   423 ||   997
       Punch             |     1 |     6 |     9 |    25 ||    41
Invok: Berserk           |     1 |     3 |     9 |    14 ||    27
       Brothers in Arms  |       |       |       |     1 ||     1
  Use: Scroll            |     2 |       |     9 |     9 ||    20
       Potion            |       |       |       |     1 ||     1
 Stab: Distracted        |       |       |     1 |       ||     1
Armor: Animal skin       |    27 |       |       |       ||    27
       Robe              |     9 |    78 |   115 |   127 ||   329
Dodge: Dodged            |    50 |   108 |   149 |   183 ||   490

Table legend:
 A = Non-vault XP
 B = Vault XP
 C = Vault XP percentage of total XP
 D = Non-vault monster count
 E = Vault monster count
 F = Vault count percentage of total count
                 A         B        C        D         E       F
            +---------+---------+-------+---------+---------+-------
      Total |   19258 |    4289 |  18.2 |     277 |      89 |  24.3
            +---------+---------+-------+---------+---------+-------
        D:1 |      59 |       3 |   4.8 |      24 |       2 |   7.7
        D:2 |     114 |     299 |  72.4 |      29 |      18 |  38.3
        D:3 |      36 |      98 |  73.1 |      11 |      19 |  63.3
        D:4 |     408 |     272 |  40.0 |      18 |       1 |   5.3
        D:5 |     299 |       0 |   0.0 |      11 |       0 |   0.0
        D:6 |     818 |       0 |   0.0 |      23 |       0 |   0.0
        D:7 |     692 |     607 |  46.7 |      15 |       1 |   6.2
        D:8 |     810 |    2590 |  76.2 |      33 |      46 |  58.2
        D:9 |    1221 |     277 |  18.5 |      20 |       1 |   4.8
       D:10 |    2091 |       0 |   0.0 |      28 |       0 |   0.0
       D:11 |    5136 |       0 |   0.0 |      34 |       0 |   0.0
     Lair:1 |    4960 |       0 |   0.0 |      24 |       0 |   0.0
     Lair:2 |    2614 |     143 |   5.2 |       7 |       1 |  12.5
            +---------+---------+-------+---------+---------+-------
